 Dungeon Crawl Stone Soup version 0.29.0-5-ge4962eb29e (webtiles) character file.

Game seed: 1200010644975901636

256 apoch the Chopper (level 5, -2/45 HPs)
             Began as a Minotaur Fighter on Aug 29, 2022.
             Was an Initiate of Okawaru.
             Succumbed to a water moccasin's poison
             ... on level 5 of the Dungeon.
             The game lasted 00:03:18 (4366 turns).

apoch the Chopper (Minotaur Fighter)                Turns: 4366, Time: 00:03:19

Health: -2/45      AC:  9    Str: 21    XL:     5   Next: 92%
Magic:  5/5        EV:  7    Int:  5    God:    Okawaru [......]
Gold:   212        SH:  4    Dex: 11    Spells: 4/4 levels left

rFire   . . .      SeeInvis .   a - +0 war axe
rCold   . . .      Faith    .   c - +0 buckler
rNeg    . . .      Spirit   .   t - +0 chain mail
rPois   .          Reflect  .   (helmet restricted)
rElec   .          Harm     .   (no cloak)
rCorr   .          Rampage  .   (no gloves)
Will    .....                   (no boots)
Stlth   ..........              (no amulet)
HPRegen 0.15/turn               (no ring)
MPRegen 0.09/turn               (no ring)

@: lethally poisoned (-2 -> -34)
A: horns 2, retaliatory headbutt
a: Renounce Religion


You were on level 5 of the Dungeon.
You worshipped Okawaru.
Okawaru was noncommittal.
You visited 1 branch of the dungeon, and saw 5 of its levels.

You collected 212 gold pieces.

Inventory:

Hand Weapons
 a - a +0 war axe (weapon)
Missiles
 h - 9 poisoned darts
 v - 4 boomerangs (quivered)
Armour
 b - a +0 scale mail
 c - a +0 buckler (worn)
 t - a +0 chain mail (worn)
Jewellery
 n - an amulet of the acrobat
Wands
 s - a wand of mindburst (9)
Scrolls
 e - a scroll of butterflies {unknown}
 i - a scroll of immolation {unknown}
 o - a scroll of blinking {unknown}
 p - 2 scrolls of noise {unknown}
 q - a scroll of poison {unknown}
 r - a scroll of enchant weapon {unknown}
Potions
 d - a potion of might
 f - 2 potions of flight {unknown}
 g - a potion of resistance {unknown}
 j - 3 potions of mutation {unknown}
 k - a potion of cancellation {unknown}
 l - a potion of lignification {unknown}
 m - 4 potions of curing {unknown}
 u - a potion of berserk rage


   Skills:
 - Level 3.6 Fighting
 + Level 6.8 Axes
 - Level 3.6 Armour
 - Level 3.6 Shields
 + Level 2.4 Invocations


You had 4 spell levels left.
You didn't know any spells.
Your spell library contained the following spells:

 Spells                   Type           Power      Damage    Failure   Level
 Beastly Appendage        Tmut           0%         N/A       100%        1
 Wereblood                Tmut           0%         N/A       100%        2
 Spider Form              Tmut/Pois      0%         N/A       100%        3


Dungeon Overview and Level Annotations

Branches:
Dungeon (5/15)
 Temple: D:4-7

Altars:
Okawaru
Sif Muna


Innate Abilities, Weirdness & Mutations

You have a pair of horns on your head.
You reflexively headbutt those who attack you in melee.


Message History

Your headbutt misses the water moccasin.
The water moccasin is lightly wounded.
The water moccasin bites you but does no damage.
You barely miss the water moccasin.
The water moccasin is lightly wounded.
The water moccasin bites you but does no damage.
The water moccasin barely misses you. You furiously retaliate!
You headbutt the water moccasin. You slash the water moccasin!
The water moccasin is severely wounded.
The water moccasin bites you.
You are poisoned.
The water moccasin poisons you! The water moccasin bites you.
You are more poisoned.
The water moccasin poisons you!
You slash the water moccasin!
Your headbutt misses the water moccasin.
The water moccasin is almost dead.
You feel extremely sick.
The water moccasin completely misses you.
You barely miss the water moccasin.
Your headbutt misses the water moccasin.
The water moccasin is almost dead.
You feel very sick. The water moccasin closely misses you.
The water moccasin bites you.
You are too injured to fight recklessly!
You are too injured to fight recklessly!
You are too injured to fight recklessly!
You closely miss the water moccasin.
The water moccasin is almost dead.
You feel very sick. The water moccasin bites you.
* * * LOW HITPOINT WARNING * * *
You are lethally poisoned!
The water moccasin poisons you! The water moccasin bites you!
* * * LOW HITPOINT WARNING * * *
You slash the water moccasin!
You kill the water moccasin!
Okawaru is honoured by your kill.
You die...

### #.. #.#
#######.#
#....##.#
#.##.##.#
#####.##....###
#@....######<.+
#†##### ####
#.# #.# #.# ...
###


There were no monsters in sight!

Vanquished Creatures
  A water moccasin (D:5)
  A jelly (D:3)
  2 hounds (D:4)
  Terence (D:3)
  4 adders
  2 gnolls
  A worm (D:2)
  2 dart slugs
  4 orcs
  5 ball pythons
  A bat (D:3)
  8 endoplasms
  4 giant cockroaches
  6 goblins
  4 hobgoblins
  7 jackals (D:2)
  5 kobolds
  5 quokkas
  2 frilled lizards
  3 rats
68 creatures vanquished.

Notes
Turn   | Place    | Note
-------+----------+-------------------------------------------
     0 | D:1      | apoch the Minotaur Fighter began the quest for the Orb.
     0 | D:1      | Reached XP level 1. HP: 19/19 MP: 0/0
    73 | D:1      | Found a faded altar of an unknown god.
   151 | D:1      | Reached skill level 3 in Axes
   316 | D:1      | Reached XP level 2. HP: 7/26 MP: 1/1
   621 | D:1      | Reached skill level 4 in Axes
  1153 | D:2      | Reached XP level 3. HP: 31/31 MP: 2/2
  1305 | D:2      | Reached skill level 5 in Axes
  1536 | D:2      | Reached XP level 4. HP: 34/39 MP: 3/3
  2001 | D:3      | Found an iron altar of Okawaru.
  2001 | D:3      | Noticed Terence
  2018 | D:3      | Killed Terence
  2260 | D:3      | Became a worshipper of Warmaster Okawaru
  2479 | D:3      | Reached skill level 6 in Axes
  3063 | D:3      | Reached skill level 1 in Invocations
  3063 | D:3      | Reached XP level 5. HP: 40/45 MP: 3/5
  4071 | D:4      | Found a shimmering blue altar of Sif Muna.
  4342 | D:5      | Entered Level 5 of the Dungeon
  4358 | D:5      | Noticed a water moccasin
  4366 | D:5      | Killed a water moccasin
  4366 | D:5      | Succumbed to a water moccasin's poison

Illustrated notes

Levels and vault maps discovered:
D:1:      minmay_arrival_shattered_statue, layout_basic,
          shapermc_ecumenical_altar_pompeii, st_stairs_5
D:2:      layout_loops_ring, kennysheep_generic_room_11
D:3:      layout_basic, okawaru_trees_2, uniq_terence
D:4:      layout_layer_cave, lemuel_round_altar, cheibrodos_gnoll_hut
D:5:      layout_basic, uniq_menkaure, uniq_grinder

Skill      XL: |  1  2  3  4  5 |
---------------+----------------+-----
Axes           | 3 4 5 6 |  6.8
Invocations    | 1 2 |  2.4
Fighting       | |  3.6
Armour         | |  3.6
Shields        | |  3.6

Action                   |  1- 3 |  4- 6 || total
-------------------------+-------+-------++-------
Melee: War axe           |    63 |    79 ||   142
       Headbutt          |    12 |     9 ||    21
Throw: Stone             |    56 |     9 ||    65
       Boomerang         |       |    15 ||    15
Armor: Scale mail        |    24 |     4 ||    28
       Chain mail        |       |    26 ||    26
Dodge: Dodged            |    22 |    30 ||    52
Block: Buckler           |    13 |    20 ||    33
